Map: Deathaura LE

Players

Erik

  • Race: Zerg Zerg
  • Spawn Location: 11:00

SpeCial - Winner!

  • Race: Terran Terran
  • Spawn Location: 5:00

Event: DreamHack SC2 Masters 2020 Fall

VOD

Have the link to the VOD?

Description

Time

  • Played on: Aug. 27, 2020, 3:45 p.m.
  • Length: 17:21

All games in this series

Show
View Real Time Build Order
Export as new Build Order

Erik Zerg 

Build Orders: Hatch First, Lurkers 

Get SALT Encoding   

  12  0:00  Drone  
  13  0:07  Drone  
  14  0:14  Extractor  
  14  0:15  Drone  
  15  0:36  Hatchery  
  15  0:41  Drone, Extractor  
  15  0:47  Overlord  
  15  1:02  Spawning Pool  
  14  1:06  Drone  
  14  1:09  Drone  
  16  1:12  Extractor  
  16  1:14  Drone  
  16  1:18  Drone  
  17  1:28  Drone  
  18  1:38  Drone  
  19  1:49  Queen x2  
  19  1:50  Zergling x2  
  19  1:53  Drone  
  25  1:59  Drone  
  26  2:03  Overlord  
  26  2:10  Drone  
  26  2:11  Drone  
  26  2:15  Metabolic Boost  
  28  2:23  Drone x2  
  28  2:29  Queen  
  32  2:36  Overlord  
  32  2:38  Drone  
  33  2:45  Drone  
  33  2:46  Drone  
  35  2:53  Drone  
  35  2:54  Drone  
  35  2:58  Drone x4  
  40  3:02  Drone x2  
  42  3:11  Hatchery  
  41  3:14  Overlord  
  41  3:17  Overlord  
  41  3:19  Drone  
  42  3:24  Queen  
  44  3:33  Drone x5  
  49  3:35  Drone  
  49  3:40  Drone x3  
  53  3:49  Zergling x4  
  53  3:54  Zergling x2  
  56  3:55  Lair  
  56  3:58  Extractor  
  56  4:00  Extractor  
  56  4:01  Extractor  
  56  4:02  Queen  
  55  4:04  Zergling x4, Baneling Nest  
  55  4:06  Overlord  
  56  4:14  Overlord x3  
  56  4:21  Spore Crawler  
  55  4:25  Drone x2  
  55  4:26  Queen  
  55  4:27  Drone x2  
  55  4:31  Drone x2  
  63  4:34  Spore Crawler  
  62  4:40  Drone  
  62  4:41  Evolution Chamber  
  62  4:42  Evolution Chamber  
  61  4:48  Spore Crawler, Drone x2  
  62  4:58  Zergling x4  
  62  4:59  Zergling x8  
  67  5:01  Overseer  
  67  5:04  Extractor  
  67  5:06  Centrifical Hooks  
  66  5:14  Zerg Melee Weapons Level 1, Zerg Ground Armor Level 1  
  66  5:18  Drone x3  
  66  5:20  Drone  
  70  5:21  Drone  
  71  5:35  Drone  
  70  5:36  Drone x8  
  70  5:41  Zergling x2  
  70  5:42  Zergling x4  
  81  5:43  Baneling x3  
  81  5:47  Drone  
  81  5:49  Hydralisk Den  
  81  5:51  Extractor  
  81  5:52  Zergling x6  
  82  6:05  Drone  
  82  6:06  Drone x5  
  87  6:16  Zergling x2  
  87  6:17  Zergling x8  
  89  6:21  Muscular Augments  
  89  6:29  Drone  
  89  6:30  Overlord  
  89  6:31  Overlord x2  
  90  6:33  Baneling x13  
  85  6:51  Zergling x6  
  85  6:52  Zergling x18  
  96  7:04  Drone x4  
  96  7:05  Drone, Baneling  
  96  7:06  Baneling x4  
  100  7:09  Hatchery  
  100  7:14  Zerg Melee Weapons Level 2, Drone x2  
  101  7:17  Zerg Ground Armor Level 2  
  101  7:21  Drone x2  
  102  7:33  Grooved Spines  
  98  7:45  Hydralisk x8  
  98  7:48  Overlord  
  113  7:52  Overlord  
  113  7:58  Hatchery  
  112  8:08  Hydralisk x4  
  112  8:10  Overlord  
  120  8:15  Drone x4  
  120  8:17  Drone  
  120  8:19  Extractor  
  122  8:25  Zergling x24  
  133  8:28  Baneling x9  
  132  8:36  Zergling x2  
  132  8:37  Zergling x6  
  132  8:39  Infestation Pit  
  131  8:44  Hydralisk  
  131  8:45  Hydralisk x3  
  139  8:50  Queen  
  139  8:52  Drone x3  
  144  9:00  Overlord x3  
  144  9:01  Lurker Den  
  143  9:03  Pneumatized Carapace  
  143  9:17  Drone x7  
  143  9:18  Hive  
  143  9:23  Zergling x14  
  157  9:28  Burrow  
  157  9:29  Extractor  
  157  9:30  Overseer  
  156  9:33  Nydus Network, Extractor  
  156  9:35  Zergling x8  
  156  9:36  Zergling x4  
  154  9:54  Zergling x18  
  154  9:55  Zergling x16  
  159  10:07  Drone  
  159  10:09  Overlord  
  160  10:18  Baneling  
  160  10:19  Baneling x15  
  160  10:23  Zergling x26  
  160  10:25  Overlord x2  
  141  10:39  Nydus Canal  
  140  10:47  Zergling x2  
  140  10:48  Zergling x22  
  144  10:54  Adaptive Talons  
  144  11:04  Queen  
  144  11:05  Drone  
  144  11:06  Drone x2  
  149  11:12  Viper x2  
  149  11:13  Viper  
  149  11:15  Lurker x5  
  149  11:16  Lurker x4  
  167  11:24  Hydralisk  
  167  11:25  Hydralisk x6  
  181  11:36  Hatchery  
  168  11:40  Nydus Canal  
  168  11:50  Zergling x16  
  168  11:51  Zergling x8  
  174  12:13  Zergling x26  
  171  12:24  Nydus Canal  
  170  12:32  Adrenal Glands  
  170  12:34  Drone x2  
  170  12:35  Drone x3  
  170  12:37  Drone x4  
  170  12:43  Nydus Canal  
  171  12:59  Zergling x26  
  171  13:01  Nydus Canal  
  178  13:08  Hatchery  
  146  13:17  Hydralisk x5  
  129  13:27  Hydralisk x4  
  132  13:46  Hatchery  
  132  13:48  Lurker x7  
  138  13:57  Hydralisk  
  138  13:58  Hydralisk x8  
  147  14:15  Lurker x4  
  151  14:18  Zergling x18  
  151  14:19  Zergling x2  
  160  14:32  Nydus Canal  
  160  14:41  Zergling x18  
  146  15:08  Overseer x2  
  146  15:09  Overseer  
  138  15:17  Baneling x14  
  138  15:18  Zergling x2, Baneling x3  
  138  15:19  Zergling x22  
  125  15:43  Zergling x22  
  124  15:58  Baneling x3  
  124  16:01  Zergling x10  
  124  16:03  Drone x4  
  133  16:05  Lurker x2  
  133  16:06  Lurker x2  
  126  16:28  Hydralisk x5  
  130  16:38  Zergling x16  
  130  16:39  Zergling x2  
  127  16:48  Zergling x10  
  126  17:07  Drone x11  
Show
View Real Time Build Order
Export as new Build Order

SpeCial Terran - Winner!

Build Orders: Reaper Expand, Hellion Banshee 

Get SALT Encoding   

  12  0:00  SCV  
  13  0:12  SCV  
  14  0:17  Supply Depot  
  14  0:24  SCV  
  15  0:38  SCV  
  15  0:41  Barracks  
  16  0:43  Refinery  
  16  0:50  SCV  
  17  1:02  SCV  
  18  1:15  SCV  
  19  1:28  Reaper, Orbital Command  
  20  1:39  Command Center  
  20  1:47  Supply Depot  
  20  1:55  SCV  
  20  2:00  Marine  
  22  2:06  Factory  
  22  2:08  SCV  
  23  2:14  Refinery  
  23  2:20  SCV  
  23  2:21  Barracks Reactor  
  24  2:32  SCV  
  25  2:44  SCV  
  26  2:53  Orbital Command  
  26  3:00  Starport  
  26  3:02  SCV  
  27  3:06  Hellion x2, Barracks Tech Lab  
  31  3:14  SCV  
  31  3:19  SCV  
  33  3:27  Hellion x2  
  33  3:30  Supply Depot  
  33  3:31  SCV x2  
  39  3:42  Marine  
  39  3:43  Cloaking Field  
  39  3:44  Banshee  
  39  3:48  SCV x2  
  45  3:52  Supply Depot  
  45  3:53  Hellion  
  45  3:55  Hellion  
  49  4:01  Barracks Tech Lab  
  49  4:03  SCV x2  
  51  4:17  Command Center  
  51  4:20  SCV x2  
  51  4:21  Supply Depot  
  51  4:22  Marine  
  54  4:27  Stimpack  
  54  4:32  SCV x2  
  54  4:34  Banshee  
  59  4:43  Marine  
  60  4:46  Barracks  
  60  4:47  Factory Reactor  
  60  4:52  SCV x2  
  62  4:54  Barracks  
  62  5:00  Marine  
  62  5:06  SCV x2  
  65  5:08  Engineering Bay  
  65  5:09  Engineering Bay  
  65  5:18  Marine  
  65  5:20  SCV  
  65  5:21  SCV  
  68  5:22  Starport Reactor  
  68  5:24  Refinery x2  
  68  5:34  SCV x2, Orbital Command  
  70  5:36  Marine  
  70  5:38  Terran Infantry Weapons Level 1, Terran Infantry Armor Level 1  
  70  5:39  Marine  
  70  5:40  Marine  
  73  5:46  SCV x2  
  73  5:48  Marine x2  
  73  5:49  Siege Tank  
  80  5:54  Marine  
  81  5:57  Marine x2  
  81  5:58  SCV x2, Orbital Command  
  85  6:10  Supply Depot  
  85  6:18  Combat Shield  
  85  6:22  Marine x3  
  85  6:23  SCV, Medivac x2  
  85  6:24  Supply Depot  
  85  6:25  Supply Depot  
  93  6:26  Barracks  
  93  6:27  Barracks  
  93  6:31  Marine x2  
  93  6:32  SCV x2  
  97  6:35  SCV  
  92  6:40  Marine  
  92  6:42  Siege Tank  
  92  6:44  SCV x2, Supply Depot  
  98  6:47  SCV  
  98  6:50  Armory  
  98  6:51  Refinery  
  98  6:53  Marine x2  
  98  6:54  Supply Depot, Marine x2  
  103  6:56  SCV x2  
  103  6:59  SCV, Medivac x2  
  110  7:06  Marine  
  113  7:08  SCV x2, Supply Depot  
  113  7:11  SCV, Marine  
  113  7:14  Barracks Reactor x2  
  115  7:19  Supply Depot, Marine x2  
  115  7:20  SCV x2  
  119  7:23  SCV  
  119  7:25  Siege Tank  
  119  7:26  Marine x2  
  125  7:32  Supply Depot  
  125  7:34  Marine  
  125  7:36  SCV x3  
  128  7:37  Marine x2  
  128  7:38  Refinery  
  128  7:44  Marine x2  
  119  7:48  SCV, Terran Infantry Armor Level 2, Terran Infantry Weapons Level 2  
  119  7:49  Marine x2  
  123  7:52  Marine  
  123  7:56  Supply Depot  
  123  7:57  Supply Depot  
  124  8:01  Marine x2, Siege Tank  
  130  8:05  SCV x2  
  130  8:07  Terran Vehicle Weapons Level 1  
  130  8:09  Marine x3  
  130  8:12  Medivac x2  
  131  8:25  Marine  
  131  8:26  Marine x3  
  131  8:28  SCV  
  131  8:31  Marine x2  
  134  8:36  Siege Tank  
  135  8:44  Medivac x2  
  135  8:46  SCV x3  
  142  8:52  Sensor Tower  
  142  8:53  Factory  
  142  8:54  Marine  
  142  8:55  Marine x8  
  151  9:01  Supply Depot  
  151  9:12  Marine x5  
  151  9:13  Marine x4  
  160  9:24  Siege Tank  
  160  9:30  Marine x5  
  160  9:31  Marine  
  169  9:33  Command Center  
  169  9:35  Marine x3  
  169  9:37  Factory Tech Lab  
  172  9:38  Medivac x2  
  176  9:46  Supply Depot  
  176  9:48  Marine x5  
  176  9:51  Marine  
  180  9:53  Marine  
  180  9:56  Marine  
  180  9:58  SCV, Marine  
  173  10:02  Siege Tank  
  173  10:06  Marine x5  
  170  10:09  Marine  
  170  10:11  Marine  
  170  10:14  Supply Depot, Marine  
  171  10:16  Supply Depot, Marine  
  171  10:17  SCV x2  
  171  10:20  Liberator  
  178  10:23  Marine  
  178  10:24  Marine x2  
  178  10:28  Marine x4  
  177  10:32  Marine, Siege Tank  
  177  10:34  Marine  
  155  10:39  Siege Tank  
  155  10:41  Marine x3  
  161  10:45  Marine x3  
  161  10:46  Marine  
  161  10:49  Marine  
  153  10:52  Marine  
  155  10:59  Marine x3  
  155  11:01  Terran Infantry Weapons Level 3  
  155  11:03  Marine x3  
  161  11:04  Terran Infantry Armor Level 3, Marine  
  161  11:07  Marine  
  161  11:10  Marine  
  164  11:12  SCV x3  
  164  11:17  Marine x3  
  170  11:21  Marine x3  
  170  11:22  Marine  
  170  11:23  Siege Tank  
  177  11:27  Marine  
  177  11:28  Marine  
  179  11:35  Medivac, Marine  
  179  11:36  Medivac  
  179  11:37  Marine x2  
  186  11:41  Marine  
  186  11:43  Marine x3  
  186  11:45  Marine  
  186  11:46  Marauder  
  186  11:47  Planetary Fortress  
  192  12:02  Barracks  
  192  12:03  Ghost Academy, Barracks x2  
  192  12:13  Marauder, Marine x3  
  185  12:17  Marine  
  185  12:18  Siege Tank  
  185  12:19  Medivac  
  185  12:20  Medivac  
  189  12:26  Marine x2  
  189  12:27  Marine x2  
  190  12:31  Marine x2  
  190  12:33  Siege Tank  
  190  12:34  Marine  
  190  12:35  Marauder  
  193  12:40  Sensor Tower  
  193  12:43  Missile Turret  
  188  12:47  Marine x2  
  188  12:49  Medivac  
  192  12:54  Marine x3  
  192  12:55  Siege Tank  
  192  12:56  Marauder  
  194  13:00  Missile Turret  
  189  13:06  Marine  
  189  13:07  SCV x2  
  173  13:16  Liberator  
  173  13:18  Marauder  
  173  13:19  Liberator  
  165  13:28  Barracks Tech Lab x2  
  165  13:29  Supply Depot, Marine, Barracks Tech Lab  
  165  13:30  Supply Depot  
  163  13:37  Marine  
  163  13:39  Marauder  
  150  13:55  Ghost x3  
  154  14:00  Marauder  
  158  14:03  Orbital Command  
  158  14:09  Marine x2, Siege Tank  
  153  14:11  Marine  
  154  14:17  Marine  
  154  14:22  SCV, Marauder  
  154  14:23  SCV x2, Ghost x3  
  164  14:31  Sensor Tower  
  164  14:32  Marine x2  
  166  14:41  Marine x2  
  166  14:43  Marauder, Marine  
  166  14:44  Marine  
  171  14:54  Marauder  
  171  14:56  Marine  
  172  15:15  Marine  
  172  15:16  Marauder  
  172  15:19  Marine  
  172  15:20  Marauder  
  172  15:22  Marine  
  172  15:28  Liberator  
  171  15:46  Enhanced Shockwaves, Supply Depot  
  171  15:47  Supply Depot  
  171  15:49  Supply Depot  
  171  15:53  Missile Turret  
  171  15:54  Marauder  
  171  15:55  Command Center  
  171  15:59  Marine  
  172  16:08  Ghost, Marauder x2, Marine, Liberator  
  172  16:09  Refinery x2, Siege Tank x2  
  172  16:10  Supply Depot  
  188  16:13  Marine x2  
  188  16:14  Marine x2  
  188  16:16  Marauder  
  188  16:17  Marine  
  191  16:21  SCV x3  
  191  16:23  Refinery  
  182  16:32  Marauder, Marine x3  
  186  16:33  Marauder, Marine  
  189  16:41  Siege Tank x2  
  189  16:46  Marauder, Marine  
  192  16:50  Orbital Command, Marine  
  192  16:51  Marauder  
  192  16:52  Missile Turret  
  194  16:57  Marauder, Marine  

Tags
 
Add a new tag
Caveats
  • Supply blocks, unpowered buildings, or Contaminate may cause inaccurate times.
  • Supply counts are checked every 10 seconds.